 Dungeon Sprint DCSS version 0.17-a0-1642-gd4b747b (webtiles) character file.

0 nuthulu the Chopper (level 4, -4/44 (48) HPs)
             Began as a Deep Dwarf Berserker on Aug 8, 2015.
             Was a Follower of Trog.
             Slain by a necrophage (5 damage)
             ... in the Dungeon (Sprint VI: "Thunderdome").
             The game lasted 00:00:53 (77 turns).

nuthulu the Chopper (Deep Dwarf Berserker)            Turns: 77, Time: 00:00:54

HP:   -4/44 (48)    AC:  2    Str: 20    XL:     4   Next: 40%
MP:   4/4           EV: 12    Int:  8    God:    Trog [*.....]
Gold: 35            SH:  0    Dex: 13    Spells: 0 memorised, 3 levels left

rFire  . . .     SeeInvis .     o - +0 broad axe
rCold  . . .     Clarity  .     b - +0 animal skin
rNeg   . . .     SustAt   .     (no shield)
rPois  .         Gourm    .     (no helmet)
rElec  .         Spirit   .     (no cloak)
rCorr  .         Warding  .     (no gloves)
rMut   .         NoTele   +     (no boots)
MR     .....                    (no amulet)
Stlth  +.........               (no ring)
                                (no ring)

@: exhausted, non-regenerating, badly diseased, not resistant to hostile
enchantments, very unstealthy
A: damage resistance, recharge devices, sense surroundings 1, slow healing 3
a: Device Recharging, Burn Spellbooks, Berserk, Renounce Religion


You were in the Dungeon.
You worshipped Trog.
Trog was aware of your devotion.
You were not hungry.

You visited 1 branch You collected 200 gold pieces.
You spent 165 gold pieces at shops.

Inventory:

Hand weapons
 a - a +0 hand axe
 o - a +0 broad axe (weapon)
Armour
 b - a +0 animal skin (worn)
Jewellery
 p - the ring of Foobiom {MP+9 Str+2 Int+2 Dex-3}
   (You bought it in a shop in the Dungeon)

   [ring of magical power]

   It affects your strength (+2).
   It affects your intelligence (+2).
   It affects your dexterity (-3).
   It affects your magic capacity (+9).
Magical devices
 c - a wand of heal wounds (5)
 k - a wand of cold (5)
 l - a wand of fire (5)
Scrolls
 j - 4 scrolls of blinking
 m - 3 scrolls of fog
Potions
 e - a potion of curing
 f - 4 potions of heal wounds
 g - 4 potions of haste
 h - 2 potions of magic
 i - a potion of berserk rage
 n - 2 potions of resistance
Comestibles
 d - a bread ration


   Skills:
 + Level 6.3 Fighting
 + Level 7.5 Axes
 - Level 2.1 Armour
 - Level 2.1 Dodging


You had 3 spell levels left.
You didn't know any spells.

Dungeon Overview and Level Annotations

Branches:
Dungeon (1/1)

Altars:
Cheibriados
Fedhas
Gozag
Makhleb
Okawaru
Ru
Vehumet
Xom
Yredelemnul
Zin
The Shining One
Lugonu

Shops:
D *[%?**[(


Innate Abilities, Weirdness & Mutations

You are resistant to damage.
You can recharge devices by infusing magical energy.
You passively map a small area around you.
You do not heal naturally.


Message History

The necrophage hits you.
* * * LOW HITPOINT WARNING * * *
You feel ill.
Your flesh rots away!
Your flesh rots away!
The necrophage hits you but does no damage.
You closely miss the necrophage.
The necrophage is severely damaged.
The necrophage hits you.
* * * LOW HITPOINT WARNING * * *
Unknown command.
You barely miss the necrophage.
The necrophage is severely damaged.
The necrophage barely misses you. The necrophage hits you.
You hit the necrophage.
The necrophage is severely damaged.
You feel yourself speed up. The necrophage hits you.
The necrophage barely misses you.
You hit the necrophage.
The necrophage is almost destroyed.
The necrophage hits you!
You die...

######.8.........8.# *
##∩__.......# ......_ _
###∩........8.# *.8..,...
#.............###.. ,....
#§..........###...# ......
#⌠..........# #.<.# ......
#⌠..........###...###......
##.............###.........
###∩....n@..8.# #.8.......
##∩_._......###......._.
######.8.........8.###
#⌠...........⌠#
###.........### #_......._#
#_......._# #_......._#
#∩.......∩#


You could see a necrophage.

Vanquished Creatures
  A necrophage (D)
  A bat zombie (D)
  A ball python zombie (D)
3 creatures vanquished.

Notes
Turn   | Place    | Note
--------------------------------------------------------------
     0 | D        | nuthulu the Deep Dwarf Berserker began the quest for the Orb.
     0 | D        | Reached XP level 1. HP: 20/20 MP: 1/1
     1 | D        | Found a burning altar of Makhleb.
     2 | D        | Found a basalt altar of Yredelemnul.
     2 | D        | Found a radiant altar of Vehumet.
     3 | D        | Found an iron altar of Okawaru.
     3 | D        | Found a corrupted altar of Lugonu.
     4 | D        | Found a sacrificial altar of Ru.
     4 | D        | Found a snail-covered altar of Cheibriados.
     4 | D        | Found Donnam's Weapon Rack.
     4 | D        | Found Nihol's Premium Goods.
     5 | D        | Found Toxzof's Basic Armour.
     5 | D        | Found Ybbao's Miscellaneous Merchandise.
     5 | D        | Round 1.
    12 | D        | Bought a +0 broad axe for 120 gold pieces
    17 | D        | Found a glowing silver altar of Zin.
    19 | D        | Found a shimmering altar of Xom.
    20 | D        | Found Joistucko's Identification Station.
    20 | D        | Found an opulent altar of Gozag.
    20 | D        | Found a glowing golden altar of the Shining One.
    20 | D        | Found Esajoson's Bee Food.
    21 | D        | Found Hiorhici's Advanced Armour.
    21 | D        | Found Fecimeud's Jewellery.
    26 | D        | Found a blossoming altar of Fedhas.
    31 | D        | Bought a twitching iron ring for 45 gold pieces
    31 | D        | Identified the ring of Foobiom {MP+9 Str+2 Int+2 Dex-3} (You bought it in a shop in the Dungeon)
    36 | D        | Noticed a necrophage
    50 | D        | Killed a necrophage
    50 | D        | Reached skill level 6 in Fighting
    50 | D        | Reached skill level 7 in Axes
    50 | D        | Reached XP level 2. HP: 12/31 MP: 2/2
    50 | D        | Reached XP level 3. HP: 14/38 MP: 3/3
    50 | D        | Reached XP level 4. HP: 16/46 MP: 4/4
    66 | D        | Noticed a necrophage
    74 | D        | HP: 1/44 [necrophage (3)]
    77 | D        | Slain by a necrophage

Vault maps used:
D:        arena_sprint

Action                   |  1- 3 |  4- 6 || total
-------------------------+-------+-------++-------
Melee: Broad axe         |     8 |     9 ||    17
Invok: Berserk           |     1 |       ||     1
